 Dungeon Crawl Stone Soup version 0.28.0 (webtiles) character file.

Game seed: 307284371258714332

387 trckry the Conjurer (level 6, -14/45 HPs)
             Began as a Draconian Conjurer on Feb 8, 2022.
             Was a High Priest of Ignis.
             Demolished by an orc warrior (15 damage)
             ... on level 10 of the Dungeon.
             The game lasted 00:09:14 (4131 turns).

trckry the Conjurer (Draconian Conjurer)            Turns: 4131, Time: 00:09:14

Health: -14/45     AC:  6    Str:  9    XL:     6   Next: 49%
Magic:  11/11      EV: 12    Int: 21    God:    Ignis [*****.]
Gold:   94         SH:  0    Dex:  9    Spells: 9/12 levels left

rFire   + . .      SeeInvis .   (no weapon)
rCold   . . .      Faith    .   (no shield)
rNeg    . . .      Spirit   .   (armour unavailable)
rPois   .          Reflect  +   (helmet restricted)
rElec   .          Harm     .   (no cloak)
rCorr   .          Rampage  .   (no gloves)
Will    .....                   (no boots)
Stlth   +.........              i - amulet of reflection
HPRegen 0.15/turn               (no ring)
MPRegen 0.12/turn               (no ring)

@: confused
A: AC +6, unfitting armour, cold-blooded
a: Renounce Religion, Fiery Armour, Foxfire Swarm, Rising Flame


You were on level 10 of the Dungeon.
You worshipped Ignis.
Ignis was extremely pleased with you.
You visited 1 branch of the dungeon, and saw 10 of its levels.

You collected 94 gold pieces.

Inventory:

Missiles
 l - a throwing net
Jewellery
 i - an amulet of reflection (around neck)
Scrolls
 a - 3 scrolls of identify {unknown}
 b - 3 scrolls of immolation {unknown}
 c - 2 scrolls of teleportation {unknown}
 e - 3 scrolls of fear {unknown}
 j - a scroll of noise {unknown}
 m - a scroll of enchant armour {unknown}
Potions
 d - 2 potions of curing {unknown}
 f - a potion of attraction {unknown}
 g - 3 potions of brilliance {unknown}
 h - 2 potions of degeneration {unknown}
 k - a potion of berserk rage {unknown}


   Skills:
 - Level 2.0 Dodging
 - Level 2.0 Stealth
 + Level 3.9 Spellcasting
 * Level 6.7 Conjurations


You had 9 spell levels left.
You knew the following spells:

 Your Spells              Type           Power      Damage    Failure   Level
a - Magic Dart            Conj           100%       1d8       1%          1
b - Searing Ray           Conj           64%        2d6       1%          2

Your spell library contained the following spells:

 Spells                   Type           Power      Damage    Failure   Level
 Dazzling Flash           Conj/Hex       36%        N/A       9%          3
 Animate Skeleton         Necr           8%         N/A       12%         1
 Apportation              Tloc           8%         N/A       12%         1
 Summon Small Mammal      Summ           16%        N/A       12%         1
 Fulminant Prism          Conj/Hex       9%         3d7       30%         4
 Iskenderun's Mystic Bla  Conj/Tloc      18%        2d6       30%         4
 Confusing Touch          Hex            4%         N/A       36%         3
 Yara's Violent Unravell  Hex/Tmut       2%         3d3       98%         5
 Enfeeble                 Hex            2%         N/A       100%        7


Dungeon Overview and Level Annotations

Branches:
Dungeon (10/15)            Temple (0/1) D:4
   Lair: D:8-11         Orc: D:9-12

Altars:
Xom
Ignis


Innate Abilities, Weirdness & Mutations

Your plain brown scales are hard. (AC +6)
You cannot fit into any form of body armour.
You are cold-blooded and may be slowed by cold attacks.


Message History

You see here a purple potion.
The orc priest looks braver for a moment.
The orc wizard gestures wildly while chanting.
The orc wizard flickers and vanishes!
Deactivating autopickup; reactivate with Ctrl-A.
The orc warrior hits you with a +0 scimitar!
The orc priest looks satisfied for a moment.
The orc priest looks braver for a moment.
The orc wizard casts a spell.
The orc wizard flickers and vanishes!
You open the door.
The orc warrior hits you with a +0 scimitar!
* * * LOW HITPOINT WARNING * * *
There is an open door here.
Found a stone staircase leading down.
An orc wizard appears from thin air!
Reactivating autopickup.
The orc warrior barely misses you.
There is a stone staircase leading down here.
The orc warrior hits you with a +0 scimitar!
* * * LOW HITPOINT WARNING * * *
You climb downwards.
Found 13 gold pieces.
There is a stone staircase leading up here.
An orc comes into view. It is wielding a +0 short sword.
The orc shouts!
You hear a shout!
Found 15 stones.
An orc wizard comes into view. It is wielding a +0 dagger.
An orc comes into view. It is wielding a +0 whip.
An orc comes into view. It is wielding a +0 mace.
The orc wizard gestures at you while chanting.
You are confused.
The orc hits you with a +0 short sword.
* * * LOW HITPOINT WARNING * * *
The orc moves out of view.
An orc wizard comes into view. It is wielding a +0 dagger.
The orc wizard shouts!
The orc closely misses you.
The orc warrior hits you with a +0 scimitar!
You die...

.. .##. ..... ###
..... ....##
...... ......#
#...... #.....##
##.......
#....#####<.......
##..o@o...$..##...
#.......#####
#(.o...####
...o..### .o.....
####... ##.. ##


You could see an orc warrior, 2 orc wizards and 2 orcs.

Vanquished Creatures
  A black bear (D:6)
  A howler monkey (D:4)
  A hound (D:4)
  2 orc wizards (D:4)
  An iguana (D:2)
  9 adders
  An adder skeleton (D:4)
  A worm (D:4)
  4 dart slugs
  4 orcs
  2 endoplasms
  3 giant cockroaches
  5 goblins
  3 hobgoblins
  8 kobolds
  4 quokkas
  11 ball pythons
  7 bats
  3 frilled lizards (D:1)
  4 rats
75 creatures vanquished.

Notes
Turn   | Place    | Note
-------+----------+-------------------------------------------
     0 | D:1      | trckry the Draconian Conjurer began the quest for the Orb.
     0 | D:1      | Reached XP level 1. HP: 14/14 MP: 3/3
   338 | D:1      | Reached XP level 2. HP: 20/20 MP: 0/5
   341 | D:1      | Learned a level 2 spell: Searing Ray
  1078 | D:1      | Reached XP level 3. HP: 26/26 MP: 3/6
  1582 | D:2      | Reached skill level 5 in Conjurations
  1585 | D:2      | Found a faded altar of an unknown god.
  1664 | D:2      | Prayed at the altar of an unknown god.
  1664 | D:2      | Became a worshipper of Ignis, the Dying Flame
  1724 | D:2      | Reached XP level 4. HP: 33/33 MP: 4/8
  2824 | D:4      | Reached XP level 5. HP: 38/38 MP: 3/9
  2989 | D:4      | Found a staircase to the Ecumenical Temple.
  3009 | D:4      | Reached skill level 6 in Conjurations
  3266 | D:4      | Reached XP level 6. HP: 15/45 MP: 3/11
  3708 | D:5      | Entered Level 5 of the Dungeon
  4053 | D:6      | Noticed a water moccasin
  4060 | D:8      | Noticed a slime creature
  4061 | D:8      | Noticed a slime creature
  4061 | D:8      | Noticed a wyvern
  4062 | D:8      | Noticed a slime creature
  4076 | D:8      | You fall into a shaft and drop 1 floor!
  4076 | D:9      | Noticed an orc warrior
  4084 | D:9      | Found a shimmering altar of Xom.
  4086 | D:9      | Noticed a manticore
  4123 | D:9      | HP: 4/45 [orc warrior (9)]
  4124 | D:10     | Entered Level 10 of the Dungeon
  4129 | D:10     | HP: 1/45 [orc (4)]
  4131 | D:10     | Demolished by an orc warrior

Illustrated notes

Levels and vault maps discovered:
D:1:      evilmike_arrival_fibonacci_small, layout_loops_ring
D:2:      layout_loops_ring, nicolae_ecumenical_lake_church, chequers_garden
D:3:      layout_rooms
D:4:      layout_loops_cross, minmay_temple_entry_overgrown,
          kennysheep_another_room
D:5:      layout_basic, general_overflow_altar, jmf_multi_god_temple,
          kennysheep_mini_moat, gup_sewer_entry_glass, grunt_decor_clamped
D:6:      layout_basic, nemelex_spade_bored_becter, lemuel_blue_sif_altar
D:7:      cheibrodos_barr_body, layout_basic, minmay_manual_moon
D:8:      layout_rooms, minmay_three_doors
D:9:      layout_basic, mainiacjoe_overflow_catwalk,
          nicolae_hepliaklqana_ecumenical_no_more
D:10:     nzn_winding_woodlands_large [nzn_winding_woodlands_5x5_default,
          nzn_winding_woodlands_5x15_sawtooth, nzn_winding_woodlands_5x5_three,
          nzn_winding_woodlands_center_pierced_h,
          nzn_winding_woodlands_15x15_five_gardens,
          nzn_winding_woodlands_center_diamonds,
          nzn_winding_woodlands_5x5_default,
          nzn_winding_woodlands_5x15_concentric,
          nzn_winding_woodlands_5x5_closed_star], layout_layer_cave,
          mainiacjoe_overflow_swirl, serial_shops, nicolae_stop_n_shop_2

Skill      XL: |  1  2  3  4  5 |
---------------+----------------+-----
Dodging        | 2 |  2.0
Stealth        | 2 |  2.0
Conjurations   | 5 6 |  6.7
Spellcasting   | 3 |  3.9

Action                   |  1- 3 |  4- 6 || total
-------------------------+-------+-------++-------
Melee: Unarmed           |       |     1 ||     1
 Cast: Magic Dart        |    60 |    19 ||    79
       Searing Ray       |     5 |    25 ||    30
Armor: Skin              |     6 |    15 ||    21
Dodge: Dodged            |    22 |    19 ||    41
Block: Other             |       |     6 ||     6
